 Dungeon Crawl Stone Soup version 0.30-a0-953-g5f1da4a474 (webtiles) character file.

Game seed: 6457605879355365364

12 cforsyth the Shield-Bearer (level 2, -2/24 HPs)
             Began as a Formicid Fighter on Mar 29, 2023.
             Slain by a goblin
             ... wielding a +0 club
             ... led by Robin
              (4 damage)
             ... on level 2 of the Dungeon.
             The game lasted 00:00:32 (652 turns).

cforsyth the Shield-Bearer (Formicid Fighter)        Turns: 652, Time: 00:00:33

Health: -2/24      AC:  6    Str: 20    XL:     2   Next: 45%
Magic:  2/2        EV:  9    Int:  7    God:
Gold:   55         SH:  5    Dex: 13    Spells: 1/1 levels left

rFire   . . .      SeeInvis +    a - +0 flail
rCold   . . .      Faith    .    c - +0 buckler
rNeg    . . .      Spirit   .    b - +0 scale mail
rPois   .          Reflect  .    (helmet unavailable)
rElec   .          Rampage  .    (no cloak)
rCorr   .                        (no gloves)
Will    .....                    (no boots) Stlth
                                 (no amulet)
HPRegen 0.24/turn                (no ring)
MPRegen 0.08/turn                (no ring)

@: no status effects
A: permanent stasis, dig shafts and tunnels, antennae 3, four strong arms
a: Dig, Shaft Self


You were on level 2 of the Dungeon.
You visited 1 branch of the dungeon, and saw 2 of its levels.

You collected 55 gold pieces.

Inventory:

Hand Weapons
 a - a +0 flail (weapon)
Armour
 b - a +0 scale mail (worn)
 c - a +0 buckler (worn)
Scrolls
 e - a scroll of blinking {unknown}
 f - a scroll of identify {unknown}
 g - a scroll of teleportation {unknown}
 i - a scroll of noise {unknown}
 j - a scroll of torment {unknown}
 k - a scroll of amnesia {unknown}
 l - a scroll of magic mapping {unknown}
Potions
 d - a potion of might
 h - a potion of heal wounds {unknown}
 m - a potion of ambrosia {unknown}


   Skills:
 + Level 3.5 Fighting
 * Level 2.7 Maces & Flails
 - Level 3.2 Armour
 - Level 4.0 Shields


You had one spell level left.
You didn't know any spells.
Your spell library was empty.

Dungeon Overview and Level Annotations

Branches:
Dungeon (2/15)

Altars:

Annotations:
D:2 Robin


Innate Abilities, Weirdness & Mutations

You cannot be hasted, slowed, berserked, paralysed or teleported.
You can dig through walls and to a lower floor.
You have a pair of large antennae on your head. (SInv)
Your four strong arms can wield two-handed weapons with a shield.


Message History

The goblin barely misses you. The goblin hits you but does no damage.
You closely miss the goblin. Robin throws the goblin at you!
The goblin hits you but does no damage. x2; The goblin barely misses you.
The goblin hits you with a +0 dagger. The goblin hits you with a +0 club.
The goblin hits you with a +0 dagger.
You hit the goblin but do no damage. You block the goblin's attack.
The goblin hits you but does no damage. The goblin closely misses you.
The goblin hits you but does no damage. x2; You block the goblin's attack.
You closely miss the goblin. The goblin hits you but does no damage.
The goblin barely misses you.
Robin says, "We wiped out the hill dwarves - you're next!"
The goblin hits you but does no damage. The goblin closely misses you.
The goblin hits you with a +0 club. The goblin hits you with a +0 dagger.
* * * LOW HITPOINT WARNING * * *
The goblin hits you with a +0 dagger.
* * * LOW HITPOINT WARNING * * *
The goblin closely misses you. The goblin hits you but does no damage.
The goblin closely misses you. The goblin hits you but does no damage.
You block the goblin's attack.
You sock the goblin!
You kill the goblin!
The goblin barely misses you.
The goblin hits you but does no damage. x2
The goblin hits you with a +0 club.
* * * LOW HITPOINT WARNING * * *
The goblin barely misses you. The goblin attacks as you move away!
You block the goblin's attack. The goblin attacks as you move away!
The goblin hits you with a +0 club.
* * * LOW HITPOINT WARNING * * *
The goblin attacks as you move away! You block the goblin's attack.
The goblin attacks as you move away!
The goblin hits you but does no damage. x2
You see here a +0 dagger of protection.
Unknown command.
The goblin attacks as you move away! The goblin hits you but does no damage.
The goblin unwields a +0 dagger.
The goblin wields a +0 sling.
The goblin shoots a sling bullet.
The sling bullet hits you but does no damage.
Unknown command.
The goblin no longer looks unusually strong.
The goblin hits you with a +0 club.
You die...

### #.## ######..#
####.
........####.....
#.<.......
####..####.## # #
#..........###.#
#.#.##...@........
.........g.........
.#.#..#.g##g..###.
# #....gg.........
#.##g{##.###.#..
......g{##.#?#.#
......{.g..###...
#.#.##{...........
.... ...>.........


You could see 6 goblins.

Vanquished Creatures
  A giant cockroach (D:1)
  2 goblins
  3 hobgoblins (D:1)
  2 kobolds (D:1)
  A ball python (D:1)
  A bat (D:1)
  A rat (D:1)
11 creatures vanquished.

Notes
Turn   | Place    | Note
-------+----------+-------------------------------------------
     0 | D:1      | cforsyth the Formicid Fighter began the quest for the Orb.
     0 | D:1      | Reached XP level 1. HP: 18/18 MP: 1/1
   154 | D:1      | Found a faded altar of an unknown god.
   403 | D:1      | Reached XP level 2. HP: 19/24 MP: 2/2
   639 | D:2      | Noticed Robin
   648 | D:2      | HP: 1/24 [goblin/+0 club[Robin] (3)]
   652 | D:2      | Slain by a goblin

Illustrated notes

Levels and vault maps discovered:
D:1:      dpeg_arrival_simpleton_c, layout_basic, basic_ecumenical_altar,
          minivault_19
D:2:      layout_basic, serial_glass, glass_columns_c, glass_columns_a,
          glass_columns_b, glass_columns_b, due_unseen_surprise,
          minmay_strange_pillars, item_on_display_a, item_on_display_a,
          uniq_robin

Action                     || total
---------------------------++-------
  Melee: Flail             ||    46
 Armour: Scale mail        ||    41
  Dodge: Dodged            ||    26
  Block: Buckler           ||    21

Table legend: (Time is in decaauts)
 A = Elapsed time spent in this place.
 B = Non-inter-level travel time spent in this place.
 C = Inter-level travel time spent in this place.
 D = Time resting spent in this place.
 E = Time spent auto-exploring this place.
 F = Levels seen in this place.
 G = Mean time per level.
                   A        B        C        D        E       F      G
               +--------+--------+--------+--------+--------+-----+--------+
         Total |    665 |    634 |     31 |      0 |    529 |   2 |  332.5 |
       Dungeon |    665 |    634 |     31 |      0 |    529 |   2 |  332.5 |
               +--------+--------+--------+--------+--------+-----+--------+

Top non-repeatable levels by time:
     D:1: 645 daAuts
     D:2: 20 daAuts
